 Dungeon Crawl Stone Soup version 0.29-a0-380-gf50f0a9fbc (webtiles) character file.

Game seed: 15064097150717695994

79 siradein the Grave Robber (level 4, -4/36 HPs)
             Began as a Ghoul Necromancer on May 5, 2022.
             Slain by Sigmund
             ... wielding a +0 scythe
              (8 damage)
             ... on level 3 of the Dungeon.
             The game lasted 00:12:46 (3170 turns).

siradein the Grave Robber (Ghoul Necromancer)       Turns: 3170, Time: 00:12:46

Health: -4/36      AC:  5    Str: 11    XL:     4   Next: 38%
Magic:  6/6        EV: 12    Int: 12    God:
Gold:   143        SH:  0    Dex:  9    Spells: 3/7 levels left

rFire   . . .      SeeInvis .   k - +1 dagger (venom)
rCold   + . .      Faith    .   (no shield)
rNeg    + + +      Spirit   .   a - +0 robe
rPois   ∞          Reflect  .   (no helmet)
rElec   .          Harm     .   (no cloak)
rCorr   .          Rampage  .   (no gloves)
Will    .....                   p - +2 pair of boots
Stlth   +.........              (no amulet)
HPRegen 0.00/turn               (no ring)
MPRegen 0.10/turn               (no ring)

@: confused, brilliant, inhibited regen
A: claws 1, cold resistance 1, negative energy resistance 3, inhibited
regeneration, torment resistance 2, devour on kill
a: no special abilities


You were on level 3 of the Dungeon.
You visited 1 branch of the dungeon, and saw 3 of its levels.

You collected 143 gold pieces.

Inventory:

Hand Weapons
 k - a +1 dagger of venom (weapon)
Missiles
 f - 9 poisoned darts (quivered)
Armour
 a - a +0 robe (worn)
 p - a +2 pair of boots (worn)
Scrolls
 d - 2 scrolls of magic mapping {unknown}
 e - 2 scrolls of immolation {unknown}
 g - a scroll of blinking {unknown}
 j - 2 scrolls of identify {unknown}
 l - a scroll of fog {unknown}
 m - 2 scrolls of enchant weapon {unknown}
 n - a scroll of vulnerability {unknown}
 o - 2 scrolls of torment {unknown}
Potions
 b - a potion of magic
 c - a potion of flight {unknown}
 h - a potion of cancellation {unknown}
 i - a potion of brilliance


   Skills:
 + Level 2.0 Fighting
 + Level 2.5 Dodging
 - Level 2.1 Stealth
 + Level 2.4 Spellcasting
 + Level 4.4 Necromancy


You had 3 spell levels left.
You knew the following spells:

 Your Spells              Type           Power      Damage    Failure   Level
a - Pain                  Necr           72%        1d7       4%          1
b - Vampiric Draining     Necr           18%        2d7       13%         3

Your spell library contained the following spells:

 Spells                   Type           Power      Damage    Failure   Level
 Animate Skeleton         Necr           36%        N/A       4%          1
 Animate Dead             Necr           9%         N/A       38%         4
 Agony                    Necr           18%        N/A       75%         5


Dungeon Overview and Level Annotations

Branches:
Dungeon (3/15)

Altars:
Makhleb

Annotations:
D:3 Sigmund


Innate Abilities, Weirdness & Mutations

You are immune to poison.
You have sharp fingernails.
Your flesh is cold resistant. (rC+)
You are immune to negative energy. (rN+++)
You do not regenerate when monsters are visible.
You are immune to unholy pain and torment.
You thrive by killing the living.


Message History

Aim: Sigmund, wielding a +0 scythe and wearing a +0 robe (poisoned, 50% to hit)
You throw a poisoned dart. The poisoned dart hits Sigmund.
Sigmund looks even sicker.
Unknown command.
Throw: 10 darts (poison)
Press: ? - help, Q - select action, (/) - cycle Shift-Dir - straight line, f/p - Sigmund
Aim: Sigmund, wielding a +0 scythe and wearing a +0 robe (lightly wounded, very poisoned, 50% to hit)
You throw a poisoned dart. The poisoned dart hits Sigmund.
Sigmund is lightly wounded.
Sigmund looks at you with fury.
Sigmund drinks a potion.
Sigmund flickers and vanishes!
Deactivating autopickup; reactivate with Ctrl-A.
There is a stone staircase leading up here.
You are confused.
You bump into the rock wall.
You are more confused.
A magic dart appears from out of thin air!
The magic dart hits you.
A magic dart appears from out of thin air!
The magic dart hits you!
You bump into the rock wall.
A magic dart appears from out of thin air!
The magic dart hits you.
A puff of flame appears from out of thin air!
The puff of flame hits you!
You bump into the rock wall.
You are more confused.
You are more confused.
You bump into the rock wall.
You're too confused to move!
You bump into the rock wall.
You bump into the rock wall.
A puff of flame appears from out of thin air!
The puff of flame hits you!
* * * LOW HITPOINT WARNING * * *
You bump into the rock wall.
It was a potion of brilliance.
You feel clever all of a sudden. Something hits you!
You die...

######### ####......@######
#....#####......#
#######.##.#
#...###.###########
........##.#
#.........>.......#
...........#
#...###.#########.#
.#####.....#####..#.....#
#># .#
#####.......##.....#######<#
.# ####.#..##........)....#
.# #######
#.#..##.[...######..#


There were no monsters in sight!

Vanquished Creatures
  A worm (D:2)
  2 dart slugs (D:1)
  An orc (D:3)
  8 ball pythons
  6 endoplasms
  3 giant cockroaches
  6 goblins
  5 hobgoblins
  8 jackals
  A quokka (D:2)
  7 bats
  2 frilled lizards
  8 kobolds
  4 rats
62 creatures vanquished.

Vanquished Creatures (others)
  4 plants (D:2)
4 creatures vanquished.

Grand Total: 66 creatures vanquished

Notes
Turn   | Place    | Note
-------+----------+-------------------------------------------
     0 | D:1      | siradein the Ghoul Necromancer began the quest for the Orb.
     0 | D:1      | Reached XP level 1. HP: 14/14 MP: 2/2
   362 | D:1      | Reached XP level 2. HP: 22/22 MP: 0/3
   668 | D:1      | Reached skill level 1 in Fighting
   800 | D:1      | Reached XP level 3. HP: 28/28 MP: 3/5
   850 | D:1      | Learned a level 3 spell: Vampiric Draining
  1385 | D:2      | Found a faded altar of an unknown god.
  1512 | D:2      | Found a burning altar of Makhleb.
  2120 | D:2      | Reached XP level 4. HP: 36/36 MP: 0/6
  3131 | D:3      | Noticed Sigmund
  3170 | D:3      | Slain by Sigmund

Illustrated notes

Levels and vault maps discovered:
D:1:      dpeg_arrival_rhombi, layout_loops_ring, item_on_display_a
D:2:      layout_rooms, basic_altar,
          dreamdust_ecumenical_altar_angels_and_demons, serial_bayou_pond_a
D:3:      layout_loops_ring, kennysheep_small_spiral, kennysheep_big_empty_room,
          uniq_sigmund

Skill      XL: |  1  2  3  4 |
---------------+-------------+-----
Dodging        | 2 |  2.5
Spellcasting   | 2 |  2.4
Fighting       | 1 2 |  2.0
Stealth        | |  2.1
Necromancy     | |  4.4

Action                   |  1- 3 |  4- 6 || total
-------------------------+-------+-------++-------
Melee: Unarmed           |    21 |       ||    21
       Dagger            |    23 |     8 ||    31
       Punch             |     1 |       ||     1
Throw: Dart              |       |     3 ||     3
 Cast: Pain              |    91 |    29 ||   120
  Use: Potion            |       |     1 ||     1
Armor: Robe              |     6 |       ||     6
Dodge: Dodged            |    32 |     9 ||    41

Table legend: (Time is in decaauts)
 A = Elapsed time spent in this place.
 B = Non-inter-level travel time spent in this place.
 C = Inter-level travel time spent in this place.
 D = Time resting spent in this place.
 E = Time spent auto-exploring this place.
 F = Levels seen in this place.
 G = Mean time per level.
                   A        B        C        D        E       F      G
               +--------+--------+--------+--------+--------+-----+--------+
         Total |   3170 |   3124 |     46 |    217 |   2462 |   3 | 1056.7 |
       Dungeon |   3170 |   3124 |     46 |    217 |   2462 |   3 | 1056.7 |
               +--------+--------+--------+--------+--------+-----+--------+

Top non-repeatable levels by time:
     D:1: 1472 daAuts
     D:2: 1129 daAuts
     D:3: 568 daAuts
